 Dungeon Crawl Stone Soup version 0.26.0-57-g60708a5e39 (webtiles) character file.

Game seed: 4070234856745838420

(classic levelgen) 120 thiole the Magician (level 5, 0/34 HPs)
             Began as an Octopode Hedge Wizard on Feb 1, 2021.
             Slain by Grinder (4 damage)
             ... on level 3 of the Dungeon.
             The game lasted 00:05:36 (3033 turns).

thiole the Magician (Octopode Hedge Wizard)         Turns: 3033, Time: 00:05:37

Health: 0/34       AC:  1    Str:  9    XL:     5   Next: 4%
Magic:  3/10       EV: 12    Int: 17    God:
Gold:   116        SH:  3    Dex: 12    Spells: 8/11 levels left

rFire    + . .     SeeInvis .   a - +0 dagger
rCold    x . .     Faith    .   h - +0 buckler
rNeg     . . .     Spirit   .   b - +0 hat
rPois    .         Reflect  .   (no amulet)
rElec    .         Harm     .   e - ring of fire (curse)
rCorr    .         Rampage  .   (no ring)
Will     .....                  (no ring)
Stlth    +++.......             (no ring)
HPRegen  0.11/turn              (no ring)
MPRegen  0.12/turn              (no ring)
                                (no ring)
                                (no ring)

@: no status effects
A: almost no armour, stealthy swim, amphibious, 8 rings, constrict 8, camouflage
1, gelatinous body 1
a: no special abilities


You were on level 3 of the Dungeon.
You visited 1 branch of the dungeon, and saw 3 of its levels.

You collected 116 gold pieces.

Inventory:

Hand Weapons
 a - a +0 dagger (weapon)
 f - a +2 spectral club
Armour
 b - a +0 hat (worn)
 h - a +0 buckler (worn)
Jewellery
 e - a cursed ring of fire (left tentacle)
Scrolls
 c - 2 scrolls of noise {unknown}
 d - a scroll of enchant armour {unknown}
 i - a scroll of remove curse {unknown}
 j - a scroll of identify {unknown}


   Skills:
 - Level 2.0 Fighting
 - Level 2.0 Dodging
 - Level 2.6 Stealth
 + Level 0.0 Shields
 + Level 3.5 Spellcasting
 - Level 3.0 Conjurations
 - Level 2.0 Summonings
 - Level 1.0 Translocations


You had 8 spell levels left.
You knew the following spells:

 Your Spells              Type           Power        Failure   Level
a - Magic Dart            Conj           52%          9%          1
b - Call Imp              Summ           9%           19%         2

Your spell library contained the following spells:

 Spells                   Type           Power        Failure   Level
 Blink                    Tloc           N/A          28%         2
 Slow                     Hex            2%           38%         2
 Conjure Flame            Conj/Fire      12%          41%         3
 Mephitic Cloud           Conj/Pois/Air  6%           50%         3


Dungeon Overview and Level Annotations

Branches:
Dungeon (3/15)

Altars:
The Shining One

Annotations:
D:3 Grinder


Innate Abilities, Weirdness & Mutations

You cannot wear most types of armour.
You are very stealthy in the water. (Stealth+)
You are amphibious.
You can wear up to eight rings at the same time.
You can use your tentacles to constrict eight enemies at once.
Your skin changes colour to match your surroundings (Stealth+).
Your rubbery body absorbs attacks. (AC +1, EV +1)


Message History

It was a potion of curing.
You feel better. Grinder closely misses you.
You hit Grinder but do no damage. You grab Grinder.
Grinder is heavily wounded.
You constrict Grinder. You block Grinder's attack.
You hit Grinder.
Grinder is heavily wounded.
You constrict Grinder. Grinder barely misses you.
You hit Grinder.
Grinder is heavily wounded.
You constrict Grinder, but do no damage.
Grinder hits you!
You writhe in agony.
You hit Grinder but do no damage.
Grinder is heavily wounded.
You constrict Grinder. Grinder closely misses you.
You hit Grinder but do no damage.
Grinder is heavily wounded.
You constrict Grinder. Grinder hits you!
* * * LOW HITPOINT WARNING * * *
You writhe in agony.
You die...

#..#..
#.#..#.#
#.#..#.#######
#.#..#.#.....#
#....†...5##.#
#....#.##.#
#....#.# $#
#....#5# ..
#....#@# ###
#.#.#....#.#
#........#.#
###.#####..#.#
...........#.#
###.#####..#.#
.........#.#
##.#####.##.#
.......#>#


You could see Grinder.

Vanquished Creatures
  Jessica (D:2)
  3 adders (D:2)
  An ooze (D:1)
  2 worms (D:2)
  2 dart slugs
  A leopard gecko (D:2)
  8 bats
  5 giant cockroaches
  7 goblins
  6 hobgoblins
  2 jackals (D:2)
  A quokka (D:2)
  2 ball pythons
  2 frilled lizards
  2 kobolds (D:2)
  5 rats
50 creatures vanquished.

Vanquished Creatures (others)
  A plant (D:2)
1 creature vanquished.

Grand Total: 51 creatures vanquished

Notes
Turn   | Place    | Note
-------+----------+-------------------------------------------
     0 | D:1      | thiole the Octopode Hedge Wizard began the quest for the
                  | Orb.
     0 | D:1      | Reached XP level 1. HP: 11/11 MP: 4/4
   370 | D:1      | Reached XP level 2. HP: 17/17 MP: 3/6
   983 | D:1      | You fall into a shaft and drop 1 floor!
   994 | D:2      | Reached XP level 3. HP: 9/22 MP: 2/7
  1233 | D:2      | Found a glowing golden altar of the Shining One.
  1319 | D:2      | Reached skill level 1 in Fighting
  1724 | D:2      | Reached XP level 4. HP: 29/29 MP: 6/8
  2346 | D:2      | Noticed Jessica
  2356 | D:2      | Killed Jessica
  2458 | D:2      | Reached XP level 5. HP: 10/34 MP: 7/10
  2880 | D:2      | Learned a level 2 spell: Call Imp
  2986 | D:3      | Noticed Grinder
  3021 | D:3      | Paralysed by Grinder for 6 turns
  3033 | D:3      | Slain by Grinder

Illustrated notes

Levels and vault maps discovered:
D:1:      kilobyte_arrival_exit_the_forest, layout_basic
D:2:      layout_loops_cross, tso_oasis_becter, uniq_jessica
D:3:      layout_basic, marbit_many_paths, kennysheep_generic_room_2,
          uniq_grinder, uniq_ijyb

Skill      XL: |  1  2  3  4 |
---------------+-------------+-----
Conjurations   | 2 3 |  3.0
Fighting       | 1 2 |  2.0
Summonings     | 2 |  2.0
Dodging        | |  2.0
Stealth        | |  2.6
Spellcasting   | |  3.5
Translocations | |  1.0

Action                   |  1- 3 |  4- 6 || total
-------------------------+-------+-------++-------
Melee: Dagger            |    25 |    38 ||    63
       Constrict         |     6 |     8 ||    14
       Tentacles         |     6 |     5 ||    11
 Cast: Magic Dart        |    53 |    42 ||    95
       Call Imp          |       |     3 ||     3
  Use: Potion            |       |     2 ||     2
 Stab: Sleeping          |     3 |       ||     3
       Distracted        |     1 |       ||     1
Armor: Skin              |     4 |     2 ||     6
Dodge: Dodged            |    16 |    18 ||    34
Block: Buckler           |       |     1 ||     1
